 Dungeon Crawl Stone Soup version 0.31-a0-145-g046c7d2549 (webtiles) character file.

Game seed: 3724544907296351714

76 qw the Shooter (level 4, 0/38 HPs)
             Began as a Minotaur Hunter on June 7, 2023.
             Slain by Terence
             ... wielding a +0 short sword
              (4 damage)
             ... on level 2 of the Dungeon.
             The game lasted 00:00:42 (1142 turns).

qw the Shooter (Minotaur Hunter)                    Turns: 1142, Time: 00:00:42

Health: 0/38       AC:  3    Str: 16    XL:     4   Next: 12%
Magic:  3/3        EV: 12    Int:  6    God:
Gold:   55         SH:  0    Dex: 15    Spells: 3/3 levels left

rFire   . . .        Y - +0 shortbow
rCold   . . .        (shield currently unavailable)
rNeg    . . .        c - +0 leather armour
rPois   .            (helmet restricted)
rElec   .            (no cloak)
rCorr   .            (no gloves)
SInv    .            (no boots)
Will    .....        (no amulet)
Stlth   +            (no ring)
HPRegen 0.26/turn    (no ring)
MPRegen 0.08/turn

%: no passive effects
@: no status effects
A: horns 2, retaliatory headbutt
a: no special abilities


You were on level 2 of the Dungeon.
You visited 1 branch of the dungeon, and saw 3 of its levels.

You collected 55 gold pieces.


Innate Abilities, Weirdness & Mutations

You have a pair of horns on your head.
You reflexively headbutt those who attack you in melee.


   Skills:
 + Level 3.1 Fighting
 - Level 6.0 Ranged Weapons
 - Level 2.1 Dodging
 - Level 0.7 Stealth


You had 3 spell levels left.
You didn't know any spells.
Your spell library was empty.

Inventory:

Hand Weapons
 Y - a +0 shortbow (weapon)
Armour
 c - a +0 leather armour (worn)
Jewellery
 f - a ring of fire
Scrolls
 e - a scroll of blinking {unknown}
 g - a scroll of teleportation {unknown}
Potions
 a - a potion of might {unknown}
 b - a potion of mutation {unknown}
 d - a potion of heal wounds {unknown}

Dungeon Overview and Level Annotations

Branches:
Dungeon (3/15)

Altars:
Qazlal

Annotations:
D:2 Terence


Message History

You shoot an arrow. The arrow hits Terence.
Terence is moderately wounded.
You shoot an arrow. The arrow barely misses Terence.
Terence hits you with a +0 short sword.
You shoot an arrow. The arrow closely misses Terence.
Terence hits you with a +0 short sword.
You shoot an arrow.
The arrow hits Terence but does no damage.
Terence is moderately wounded.
You hear a shout!
Terence hits you with a +0 short sword.
A goblin comes into view. It is wielding a +0 club.
Terence hits you with a +0 short sword.
You shoot an arrow.
The arrow hits Terence but does no damage.
Terence is moderately wounded.
Terence says, "How do you enjoy it?"
Terence hits you with a +0 short sword. x2
You shoot an arrow. The arrow closely misses Terence.
Terence hits you with a +0 short sword. Terence barely misses you.
You shoot an arrow.
The arrow hits Terence but does no damage.
Terence is moderately wounded.
Terence hits you with a +0 short sword. The goblin barely misses you.
You shoot an arrow. The arrow barely misses Terence.
Terence misses you. You furiously retaliate!
You headbutt Terence. The goblin misses you. Terence misses you.
You shoot an arrow.
The arrow hits Terence but does no damage.
Terence is heavily wounded.
Terence hits you but does no damage. The goblin barely misses you.
Terence hits you with a +0 short sword.
You shoot an arrow.
The arrow hits Terence but does no damage.
Terence is heavily wounded.
Terence hits you with a +0 short sword. The goblin hits you with a +0 club.
You shoot an arrow. The arrow hits Terence.
Terence is severely wounded.
Terence hits you with a +0 short sword.
You die...

#.#.###.###.######
##.#.# #.....## #
#..#.#######..##
#..#.#.........####
#..#.#.#######.....
# #..#.# #######.
... #.##.# #.## #.
.....#....# ###.##
#. ......g@..#
#..#!###.
....##.@..#
##.##.##. ...
###..# #...#.#. .
..... ##..##.#
##.#.# ##....#.
....# ##..#..##
...# #...#.%.# ...#
#.#.#.#.# #.#.#.###


You could see Terence (fast) and a goblin.

Vanquished Creatures
  An adder (D:2)
  A worm (D:2)
  3 dart slugs (D:1)
  13 endoplasms
  2 giant cockroaches
  5 hobgoblins
  4 quokkas
  6 ball pythons
  3 bats
  3 frilled lizards (D:1)
  6 goblins (D:1)
  A kobold (D:1)
  3 rats
51 creatures vanquished.

Notes
Turn   | Place    | Note
-------+----------+-------------------------------------------
     0 | D:1      | qw the Minotaur Hunter began the quest for the Orb.
     0 | D:1      | Reached XP level 1. HP: 18/18 MP: 0/0
     0 | D:1      | 0 ||| qw: Version: 0.2-a-117-gc6b5c8b
     0 | D:1      | 0 ||| qw: Game counter: 2485
     0 | D:1      | 0 ||| qw: Always use a shield: true
     0 | D:1      | 0 ||| qw: God list: Okawaru
     0 | D:1      | 0 ||| qw: Allow faded altars: false
     0 | D:1      | 0 ||| qw: Do Orc after D:15 true
     0 | D:1      | 0 ||| qw: Do second Lair branch before Depths: true
     0 | D:1      | 0 ||| qw: Lair rune preference: random
     0 | D:1      | 0 ||| qw: Plans: Normal
     0 | D:1      | 0 ||| PLANNING D:1-11
    33 | D:1      | Reached XP level 2. HP: 25/25 MP: 1/1
    57 | D:1      | Reached skill level 5 in Ranged Weapons
   121 | D:1      | Reached skill level 3 in Fighting
   182 | D:1      | Reached XP level 3. HP: 30/31 MP: 2/2
   480 | D:1      | 480 ||| READING 2 scrolls labelled KAROTZIBENK.
   481 | D:1      | 481 ||| READING scroll labelled OLERAUNWOTO.
   482 | D:1      | 482 ||| READING scroll labelled ATUOPN VIULA.
   483 | D:1      | 483 ||| DRINKING 2 brown potions.
   484 | D:1      | 484 ||| DROPPING scroll of magic mapping.
   485 | D:1      | 485 ||| DROPPING scroll of butterflies.
   486 | D:1      | 486 ||| DROPPING potion of brilliance.
   488 | D:1      | 488 ||| Stepping ~*~*~tactically~*~*~ (cloud).
   494 | D:1      | HP: 7/31 [poisoned by you (poison gas)]
   647 | D:2      | You fall into a shaft and drop 1 floor!
   788 | D:2      | Found a stormy altar of Qazlal.
   982 | D:2      | Reached XP level 4. HP: 32/38 MP: 3/3
  1042 | D:2      | Reached skill level 6 in Ranged Weapons
  1129 | D:2      | Noticed Terence
  1141 | D:2      | HP: 6/38 [Terence/+0 short sword (6)]
  1142 | D:2      | Slain by Terence

Levels and vault maps discovered:
D:1:      lightli_arrival_boilingwater, layout_basic
D:2:      wad_crossroads, layout_basic, basic_altar, eino_tiny_chamber,
          hex_intersection, dreamdust_mushroom_princess, uniq_terence
D:3:      layout_basic, vehumet_statue,
          nicolae_gozag_cash_rules_everything_around_me, gammafunk_ghost_grave,
          shapermc_ecumenical_altar_ellora, serial_shops,
          nicolae_shop_tiny_glass

Skill      XL: |  1  2  3  4 |
---------------+-------------+-----
Ranged Weapons | 5 6 |  6.0
Fighting       | 3 |  3.1
Dodging        | |  2.1
Stealth        | |  0.7

Action                     |  1- 3 |  4- 6 || total
---------------------------+-------+-------++-------
   Fire: Shortbow          |   128 |    26 ||   154
    Use: Scroll            |     3 |       ||     3
         Potion            |     1 |       ||     1
 Armour: Leather armour    |    10 |     1 ||    11
  Dodge: Dodged            |    35 |     6 ||    41

Table legend:
 A = Non-vault XP
 B = Vault XP
 C = Vault XP percentage of total XP
 D = Non-vault monster count
 E = Vault monster count
 F = Vault count percentage of total count
                 A         B        C        D         E       F
            +---------+---------+-------+---------+---------+-------
      Total |     103 |       6 |   5.5 |      48 |       3 |   5.9
            +---------+---------+-------+---------+---------+-------
        D:1 |      66 |       0 |   0.0 |      36 |       0 |   0.0
        D:2 |      31 |       6 |  16.2 |       9 |       3 |  25.0
        D:3 |       6 |       0 |   0.0 |       3 |       0 |   0.0
            +---------+---------+-------+---------+---------+-------
